 Dungeon Crawl Stone Soup version 0.30.0-10-gfe55d96785 (webtiles) character file.

Game seed: 13696903598033127750

42 hawla the Firebug (level 4, -1/33 HPs)
             Began as a Meteoran Fire Elementalist on May 14, 2023.
             Slain by a hound (5 damage)
             ... on level 4 of the Dungeon.
             The game lasted 00:03:24 (381 turns).

hawla the Firebug (Meteoran Fire Elementalist)       Turns: 381, Time: 00:03:24

Health: -1/33      AC:  2    Str:  9    XL:     4   Next: 5%
Magic:  7/10       EV: 12    Int: 19    God:
Gold:   61         SH:  0    Dex: 14    Spells: 7/10 levels left

rFire   . . .        (no weapon)
rCold   . . .        (no shield)
rNeg    . . .        a - +0 robe
rPois   .            (no helmet)
rElec   .            (no cloak)
rCorr   .            (no gloves)
SInv    .            (no boots)
Will    .....        (no amulet)
Stlth   +            (no ring)
HPRegen 0.25/turn    (no ring)
MPRegen 0.12/turn

%: no passive effects
@: very slightly contaminated, glowing
A: sense surroundings 1, otherworldly, glowing, explore regen
a: no special abilities


You were on level 4 of the Dungeon.
You visited 1 branch of the dungeon, and saw 4 of its levels.

You collected 61 gold pieces.

Inventory:

Armour
 a - a +0 robe (worn)
Scrolls
 c - a scroll of identify
Potions
 d - 2 potions of heal wounds
 e - 2 potions of haste
 f - a potion of might {unknown}


   Skills:
 + Level 2.8 Dodging
 - Level 1.4 Stealth
 + Level 3.5 Spellcasting
 + Level 1.4 Conjurations
 + Level 4.5 Fire Magic


You had 7 spell levels left.
You knew the following spells:

 Your Spells              Type           Power      Damage    Failure   Level
a - Foxfire               Conj/Fire      56%        2x1d6     4%          1
b - Scorch                Fire           40%        2d6       3%          2

Your spell library contained the following spells:

 Spells                   Type           Power      Damage    Failure   Level
 Inner Flame              Hex/Fire       12%        N/A       17%         3
 Volatile Blastmotes      Fire/Tloc      24%        2d12      17%         3
 Flame Wave               Conj/Fire      14%        2d6       38%         4


Dungeon Overview and Level Annotations

Branches:
Dungeon (4/15) Zot: 2019
 Temple: D:4-7

Altars:
Kikubaaqudgha
Trog
The Shining One


Innate Abilities, Weirdness & Mutations

You passively map a small area around you.
You are easily found by Zot.
You glow in the dark.
You regain HP and MP as you explore.


Message History

A hound comes into view.
Casting: Foxfire (safe; 4% risk of failure)
Confirm with . or Enter, or press ? or * to list all spells.
Flames lash the dart slug.
You kill the dart slug!
You hear an angry hiss.
The foxfire hits the ogre.
The ogre is lightly wounded.
The foxfire hits the ogre.
The ogre is moderately wounded.
You have reached level 4!
Casting: Scorch (safe; 3% risk of failure)
Confirm with . or Enter, or press ? or * to list all spells.
Flames lash the ogre.
The ogre is moderately wounded.
The ogre's fire resistance burns away.
A ball python comes into view.
Unknown command.
Magic courses through your body.
The ball python hisses angrily.
The ogre hits you with a +0 giant club!!
Ouch! That really hurt!
* * * LOW HITPOINT WARNING * * *
Unknown command.
Casting: Scorch (safe; 3% risk of failure)
Confirm with . or Enter, or press ? or * to list all spells.
Flames lash the hound.
The hound is heavily wounded.
The hound's fire resistance burns away.
Unknown command.
Casting: Scorch (safe; 3% risk of failure)
Confirm with . or Enter, or press ? or * to list all spells.
You miscast Foxfire.
You are very lightly contaminated with residual magic.
Nothing appears to happen.
The ogre is no longer more vulnerable to fire.
The ogre closely misses you. The hound bites you.
* * * LOW HITPOINT WARNING * * *
The hound attacks as you move away! The hound bites you.
You die...

, ,,, ## #.##..
* * , , ...
..... * , ,,
,...###.... ,,
.........#* * ,
.......†.#
.........# *
.........######
....S..@†......
*
###...hO......#
#.....#...#.##
#.###. .#.#, #,
#. .#.# * , ,
#.*.# . , #. .#
# , , * .. .. ,
* * , * * *


You could see an ogre, a hound (combustible) and a ball python.

Vanquished Creatures
  3 adders
  A dart slug (D:4)
  4 ball pythons
  An endoplasm (D:3)
  A giant cockroach (D:3)
  2 hobgoblins (D:2)
  3 kobolds
15 creatures vanquished.

Vanquished Creatures (others)
  39 foxfires
39 creatures vanquished.

Grand Total: 54 creatures vanquished

Notes
Turn   | Place    | Note
-------+----------+-------------------------------------------
     0 | D:1      | hawla the Meteoran Fire Elementalist began the quest for
                  | the Orb.
     0 | D:1      | Reached XP level 1. HP: 14/14 MP: 5/5
    75 | D:2      | Reached skill level 4 in Fire Magic
    75 | D:2      | Reached XP level 2. HP: 19/20 MP: 5/7
    78 | D:2      | Learned a level 2 spell: Scorch
    82 | D:2      | Found a glowing golden altar of the Shining One.
   211 | D:2      | Reached XP level 3. HP: 25/26 MP: 4/8
   329 | D:3      | Found a large runed translucent door.
   329 | D:3      | Found a large runed translucent door.
   345 | D:3      | Found a bloodstained altar of Trog.
   350 | D:3      | Found an ancient bone altar of Kikubaaqudgha.
   371 | D:4      | Noticed an ogre
   377 | D:4      | Reached XP level 4. HP: 33/33 MP: 2/10
   381 | D:4      | Slain by a hound

Illustrated notes

Levels and vault maps discovered:
D:1:      dpeg_arrival_subterranean_lakeside_camping, layout_rooms,
          item_on_display_b
D:2:      layout_loops_cross, basic_altar
D:3:      layout_loops_ring, jmf_multi_god_temple2
D:4:      layout_basic, lightli_ossuary_entry_decrepit_ruins

Skill      XL: |  1 |
---------------+----+-----
Spellcasting   | 3 |  3.5
Fire Magic     | 4 |  4.5
Dodging        | |  2.8
Stealth        | |  1.4
Conjurations   | |  1.4

Action                     |  1- 3 |  4- 6 || total
---------------------------+-------+-------++-------
  Melee: Unarmed           |     9 |       ||     9
   Cast: Foxfire           |    25 |       ||    25
         Scorch            |     2 |     2 ||     4
    Use: Potion            |     1 |     1 ||     2
         Scroll            |     3 |       ||     3
  Dodge: Dodged            |     7 |     1 ||     8
